 Dungeon Crawl Stone Soup version 0.27.1-34-g3ba077fa99 (console) character file.

Game seed: 13442775887598842731

204925 toffzen the Slayer (level 18, -25/136 HPs)
             Began as a Gargoyle Fighter on Jan 19, 2022.
             Was a High Priest of Okawaru.
             Annihilated by a titan simulacrum (43 damage)
             ... led by a necromancer
             ... on level 1 of the Vaults on Jan 20, 2022.
             The game lasted 01:15:22 (44270 turns).

toffzen the Slayer (Gargoyle Fighter)              Turns: 44270, Time: 01:15:22

Health: -25/136    AC: 35    Str: 26    XL:     18   Next: 66%
Magic:  0/29       EV: 18    Int: 11    God:    Okawaru [*****.]
Gold:   3547       SH: 15    Dex: 17    Spells: 17/17 levels left

rFire    . . .     SeeInvis +   b - +6 broad axe (freeze)
rCold    . . .     Faith    .   f - +0 kite shield {reflect}
rNeg     + . .     Spirit   +   S - +4 ring mail {Will+}
rPois    ∞         Reflect  +   t - +0 helmet
rElec    +         Harm     .   D - scarf {repulsion}
rCorr    .         Rampage  .   p - +0 pair of gloves
Will     +++..                  h - +4 pair of boots of a sewer {Dex+2}
Stlth    ++........             g - amulet of guardian spirit
HPRegen  0.32/turn              s - ring "Ahasayrgh" {Slay+4 SInv}
MPRegen  0.21/turn              U - ring "Zawus" {rPois Will+ Str+3 Dex+3}

@: heroic, flying, repel missiles
A: sickness immunity, AC +13, big wings, negative energy resistance 1,
electricity resistance, torment resistance 1, petrification resistance
}: 1/15 runes: gossamer
a: Renounce Religion, Heroism, Finesse


You were on level 1 of the Vaults.
You worshipped Okawaru.
Okawaru was extremely pleased with you.
You visited 6 branches of the dungeon, and saw 29 of its levels.

You collected 4919 gold pieces.
You spent 1372 gold pieces at shops.

Inventory:

Hand Weapons
 a - a +2 morningstar of venom
 b - a +6 broad axe of freezing (weapon)
 w - a +0 hunting sling
 x - the +3 war axe of Lergheme {vorpal, rF+ rC+ Int+4}
   (You found it on level 7 of the Dungeon)

   It inflicts extra damage upon your enemies.
   Int:       It affects your intelligence (+4).
   rF:        It protects you from fire.
   rC:        It protects you from cold.
 G - the +7 flail "Peucweth" {antimagic, *Noise rC+ Int+8}
   (You found it on level 9 of the Dungeon)

   It reduces the magical energy of the wielder, and disrupts the spells and
   magical abilities of those it strikes.
   Natural abilities and divine invocations are not affected.
   Int:       It affects your intelligence (+8).
   rC:        It protects you from cold.
   *Noise:    It may make noises in combat.
 J - a +4 morningstar
 R - the +8 whip of the Magi {vorpal, rC+ Stlth+}
   (You found it on level 2 of the Lair of Beasts)

   It inflicts extra damage upon your enemies.
   rC:        It protects you from cold.
   Stlth:     It makes you more stealthy.
 X - the +9 flail of the Curious Blessings {flame, rElec Int+3}
   (Okawaru gifted it to you on level 6 of the Lair of Beasts)

   It burns those it strikes, dealing additional fire damage.
   Int:       It affects your intelligence (+3).
   rElec:     It insulates you from electricity.
Missiles
 e - 760 stones (quivered)
 l - 3 throwing nets
 o - 150 sling bullets
Armour
 f - a +0 kite shield of reflection (worn)
 h - the +4 pair of boots of a sewer (worn) {Dex+2}
   (Okawaru gifted it to you on level 9 of the Dungeon)

   Dex:       It affects your dexterity (+2).
 i - the +2 scale mail of Disaster {Rampage Dex+4}
   (You bought it in a shop on level 4 of the Dungeon)

   Dex:       It affects your dexterity (+4).
   Rampage:   It bestows one free step when moving towards enemies.
 p - a +0 pair of gloves (worn)
 t - a +0 helmet (worn)
 D - a scarf of repulsion (worn)
 P - a +1 tower shield of poison resistance
 S - a +4 ring mail of willpower (worn)
Jewellery
 g - an amulet of guardian spirit (around neck)
 r - a ring of protection from cold
 s - the ring "Ahasayrgh" (left hand) {Slay+4 SInv}
   (You acquired it on level 5 of the Dungeon)

   [ring of slaying]

   Slay:      It affects your accuracy & damage with ranged weapons and melee
   (+4).
   SInv:      It lets you see invisible.
 u - a ring of resist corrosion
 B - a +4 ring of protection
 T - an amulet of the acrobat
 U - the ring "Zawus" (right hand) {rPois Will+ Str+3 Dex+3}
   (You found it on level 4 of the Spider Nest)

   [ring of poison resistance]

   Str:       It affects your strength (+3).
   Dex:       It affects your dexterity (+3).
   rPois:     It protects you from poison.
   Will:      It increases your willpower.
Wands
 d - a wand of flame (21)
 k - a wand of acid (15)
 I - a wand of digging (7)
 Q - a wand of iceblast (32)
Scrolls
 q - a scroll of holy word
 v - 4 scrolls of fear
 y - 12 scrolls of teleportation
 z - 6 scrolls of magic mapping
 F - 2 scrolls of silence
 K - 2 scrolls of fog
 N - 11 scrolls of identify
 Z - a scroll of summoning
Potions
 c - 2 potions of cancellation
 j - a potion of berserk rage
 m - 3 potions of lignification
 n - 4 potions of brilliance
 C - 2 potions of magic
 E - 7 potions of curing
 H - 3 potions of haste
 L - 3 potions of mutation
 M - 4 potions of invisibility
 O - a potion of might
 V - 2 potions of resistance
 W - 4 potions of ambrosia
 Y - 2 potions of heal wounds
Miscellaneous
 A - a box of beasts


   Skills:
 + Level 22.6(27) Fighting
 * Level 4.3(13.1) Axes
 - Level 11.4(16.8) Maces & Flails
 + Level 10.7(15.7) Armour
 + Level 6.9(11.9) Dodging
 + Level 10.8(15.8) Shields
 - Level 15.8 Invocations


You had 17 spell levels left.
You didn't know any spells.
Your spell library contained the following spells:

 Spells                   Type           Power      Damage    Failure   Level
 Animate Skeleton         Necr           0%         N/A       43%         1
 Beastly Appendage        Tmut           0%         N/A       43%         1
 Foxfire                  Conj/Fire      0%         2x1d4     43%         1
 Pain                     Necr           0%         1d4       43%         1
 Shock                    Conj/Air       0%         1d3       43%         1
 Wereblood                Tmut           0%         N/A       56%         2
 Conjure Flame            Conj/Fire      0%         6-21      80%         3
 Ignite Poison            Fire/Tmut/Pois 0%         N/A       80%         3
 Inner Flame              Hex/Fire       0%         N/A       80%         3
 Mephitic Cloud           Conj/Pois/Air  0%         N/A       80%         3
 Ozocubu's Armour         Ice            0%         N/A       80%         3
 Portal Projectile        Hex/Tloc       0%         N/A       80%         3
 Spider Form              Tmut/Pois      0%         N/A       80%         3
 Swiftness                Air            0%         N/A       80%         3
 Vampiric Draining        Necr           0%         2d6       80%         3
 Airstrike                Air            0%         N/A       99%         4
 Animate Armour           Summ/Erth      0%         N/A       99%         4
 Cause Fear               Hex            0%         N/A       99%         4
 Passage of Golubria      Tloc           N/A        N/A       99%         4
 Petrify                  Tmut/Erth      0%         N/A       99%         4
 Agony                    Necr           0%         N/A       100%        5
 Blade Hands              Tmut           0%         N/A       100%        5
 Bolt of Magma            Conj/Fire/Erth 0%         4d4       100%        5
 Excruciating Wounds      Necr           0%         N/A       100%        5
 Irradiate                Conj/Tmut      0%         3d13      100%        5
 Metabolic Englaciation   Hex/Ice        0%         N/A       100%        5
 Iron Shot                Conj/Erth      0%         9d1       100%        6
 Simulacrum               Ice/Necr       0%         N/A       100%        6
 Dragon Form              Tmut           0%         N/A       100%        7
 Dragon's Call            Summ           0%         N/A       100%        9
 Statue Form              Tmut/Erth      Unusable   N/A       N/A         6

Dungeon Overview and Level Annotations

Branches:
Dungeon (15/15)            Temple (1/1) D:5            Lair (6/6) D:9
 Shoals (0/4) Lair:2       Spider (4/4) Lair:4        Slime (0/5) Lair:5
    Orc (2/2) D:9             Elf (0/3) Orc:2        Vaults (1/5) D:13
 Depths (0/5) D:15

Altars:
Ashenzari
Dithmenos
Elyvilon
Gozag
Hepliaklqana
Makhleb
Okawaru
Sif Muna
Uskayaw
Wu Jian
Xom
Beogh
Jiyva

Shops:
D:3 :   D:4 [   D:9 *   D:10 (::?   D:14 [   Orc:1 [   Orc:2 [(??(

Annotations:
D:13 exclusion: downstairs
D:15 3 runed translucent doors, MadAsgardian's ghost, journeyman TrMo
Lair:6 2 runed translucent doors
Spider:1 1 runed translucent door
Orc:2 2 runed translucent doors, Jaiteiro's ghost, journeyman MiFi


Innate Abilities, Weirdness & Mutations

You are immune to sickness and miasma.
Your stone body is resilient. (AC +13)
You are immune to poison.
Your large and strong wings let you fly.
You resist negative energy. (rN+)
You are resistant to electric shocks. (rElec)
You are resistant to unholy torment.
You are immune to petrification.


Message History

The frost grips you but does no damage.
You slash the dire elephant! You freeze the dire elephant.
The dire elephant is almost dead.
The ice encasing you melts away. You block the dire elephant's attack.
The dire elephant barely misses you.
You slash the dire elephant! You freeze the dire elephant.
The dire elephant is almost dead.
The dire elephant misses you. You block the dire elephant's attack.
You slice the dire elephant!! You freeze the dire elephant.
You kill the dire elephant!
Okawaru accepts your kill.
You barely miss the ironbound frostheart.
You block the ironbound frostheart's attack.
You slice the ironbound frostheart!! You freeze the ironbound frostheart.
The ironbound frostheart is heavily wounded.
You block the ironbound frostheart's attack.
You slice the ironbound frostheart!! You freeze the ironbound frostheart.
The ironbound frostheart is almost dead.
You block the ironbound frostheart's attack.
You slash the ironbound frostheart! You freeze the ironbound frostheart.
You kill the ironbound frostheart!
Okawaru accepts your kill.
You slash the titan simulacrum!
The titan simulacrum is lightly damaged.
The titan simulacrum barely misses you.
You hit the titan simulacrum but do no damage.
The titan simulacrum is lightly damaged.
The titan simulacrum hits you. The titan simulacrum freezes you!!
You slash the titan simulacrum!
The titan simulacrum is moderately damaged.
You slash the titan simulacrum!
The titan simulacrum is heavily damaged.
The titan simulacrum hits you. The titan simulacrum freezes you!!!
* * * LOW HITPOINT WARNING * * *
You slash the titan simulacrum!
The titan simulacrum is severely damaged.
The titan simulacrum hits you!
* * * LOW HITPOINT WARNING * * *
The titan simulacrum freezes you!!!
You die...

+(..#.#
Z#####.# Z..
#.# Z.#+#.#
YZ#[#.#
###.#.#.#
#####
)'.#.#.#
....#
.#####'###.#
....#
.......)Z@.#
....#
############
....# ....#
##### ...#
...# ...#
...#


You could see a titan simulacrum.

Vanquished Creatures
  Arachne (Spider:3)
  Rupert (Orc:2)
  Asterion (Spider:1)
  A sphinx (D:13)
  Donald (Spider:1)
  Kirke (D:14)
  A frost giant (D:11)
  3 ghost moths (Spider:4)
  Aizul (Spider:1)
  3 vault wardens (Vaults:1)
  Louise (D:14)
  12 emperor scorpions
  3 ironbound preservers (D:13)
  An orc warlord (D:9)
  3 entropy weavers
  Azrael (Spider:3)
  3 dire elephants
  3 spark wasps
  Snorg (Lair:4)
  2 vault guards
  7 hydras
  An ironbound thunderhulk (D:13)
  3 yaktaur captains (Vaults:1)
  A boulder beetle (Spider:3)
  An ironbound frostheart (Vaults:1)
  A catoblepas (D:14)
  9 centaur warriors
  2 death knights (D:11)
  6 two-headed ogres
  A tengu warrior (D:11)
  3 orc high priests (Orc:2)
  4 ironbound beastmasters
  9 death yaks
  Sonja (D:10)
  5 skeletal warriors
  3 lindwurms
  A phantasmal warrior (D:12)
  2 ironbound convokers
  Pikel (D:4)
  18 orb spiders
  6 deep elf pyromancers
  18 wolf spiders
  A necromancer (Vaults:1)
  4 orc knights
  2 wizards
  5 orc sorcerers
  13 cyclopes
  6 manticores
  4 ugly things
  4 moths of wrath
  5 vault sentinels
  A moth of wrath (shapeshifter) (D:15)
  7 black mambas
  7 elephants (Lair:5)
  2 molten gargoyles (Lair:6)
  Maurice (D:13)
  A gargoyle (D:12)
  16 cane toads
  3 kobold demonologists
  2 torpor snails
  Psyche (D:9)
  7 yaktaurs
  2 rime drakes
  3 unseen horrors
  An efreet (D:13)
  7 demonic crawlers
  19 komodo dragons
  3 hellwings (D:11)
  3 freezing wraiths
  A human skeleton (Vaults:1)
  6 polar bears
  33 jumping spiders
  A queen bee (Lair:3)
  11 trolls
  14 slime creatures
  13 hornets
  A harpy skeleton (D:11)
  12 blink frogs
  4 dream sheep (Lair:4)
  A shadow (D:13)
  29 tarantellas
  A spriggan (Lair:2)
  65 redbacks
  4 wyverns
  A yak (shapeshifter) (D:15)
  3 hogs (D:14)
  43 yaks
  6 wraiths
  A vampire (D:11)
  9 basilisks
  3 fire elementals (Spider:3)
  3 steam dragons
  6 vampire mosquitoes
  8 wargs
  A yaktaur simulacrum (Vaults:1)
  3 acid dragons
  8 hell hounds
  18 water moccasins
  A sky beast (D:6)
  26 orc warriors
  An ice beast (D:5)
  3 black bears
  3 ogres
  2 necrophages (D:4)
  14 wolves
  A phantom (D:7)
  10 centaurs
  3 lemures (D:4)
  19 bullfrogs
  5 kobold brigands
  3 scorpions (Spider:3)
  A wyvern skeleton (D:6)
  30 killer bees
  7 wights
  3 howler monkeys
  5 electric eels
  A bullfrog zombie (D:5)
  5 lava snakes (Lair:6)
  A hound (D:7)
  A bullfrog skeleton (D:5)
  3 centaur skeletons
  15 orc priests
  A gnoll shaman (D:7)
  2 jellies
  6 iguanas
  Jessica (D:2)
  24 orc wizards
  Terence (D:3)
  2 hell rats (Lair:5)
  A killer bee zombie (D:9)
  2 howler monkey zombies
  6 gnolls
  2 howler monkey skeletons
  9 adders
  2 dart slugs (D:2)
  A worm (D:2)
  73 orcs
  7 ball pythons
  9 endoplasms
  4 giant cockroaches
  9 goblins
  6 hobgoblins
  8 jackals
  4 quokkas
  7 bats
  4 frilled lizards
  13 kobolds
  6 rats
959 creatures vanquished.

Vanquished Creatures (others)
  An ironbound convoker (Vaults:1)
  An orb spider (Spider:3)
  2 demonic crawlers
  A jumping spider (Spider:2)
  A slime creature (D:14)
  An orc wizard (D:10)
  A bush (Lair:3)
  31 fungi
  33 plants
72 creatures vanquished.

Grand Total: 1031 creatures vanquished

Notes
Turn   | Place    | Note
-------+----------+-------------------------------------------
     0 | D:1      | toffzen the Gargoyle Fighter began the quest for the Orb.
     0 | D:1      | Reached XP level 1. HP: 14/14 MP: 1/1
    54 | D:1      | Reached XP level 2. HP: 3/19 MP: 2/2
   738 | D:1      | Reached XP level 3. HP: 23/23 MP: 3/3
   740 | D:1      | Found a faded altar of an unknown god.
  1192 | D:2      | Reached XP level 4. HP: 28/29 MP: 4/4
  1342 | D:2      | Noticed Jessica
  1348 | D:2      | Killed Jessica
  1642 | D:3      | Reached skill level 4 in Fighting
  1642 | D:3      | Reached XP level 5. HP: 6/33 MP: 5/5
  2027 | D:3      | Noticed Terence
  2042 | D:3      | Killed Terence
  3118 | D:4      | Reached XP level 6. HP: 37/39 MP: 6/6
  3531 | D:3      | Found Atteraceis's Book Boutique.
  3922 | D:3      | Identified a scroll of acquirement
  3922 | D:3      | Acquired 595 gold pieces
  3933 | D:4      | Noticed a necrophage
  4049 | D:4      | Reached XP level 7. HP: 44/44 MP: 7/7
  4060 | D:4      | Found Lygashex's Antique Armour Shoppe.
  4874 | D:4      | Reached skill level 5 in Maces & Flails
  4895 | D:4      | Found a hide-covered altar of Uskayaw.
  4964 | D:4      | Reached skill level 5 in Fighting
  4964 | D:4      | Reached skill level 5 in Armour
  4964 | D:4      | Reached skill level 5 in Shields
  5455 | D:4      | Bought a pitted scale mail for 261 gold pieces
  5455 | D:4      | Identified the +2 scale mail of Disaster {Rampage Dex+4}
                  | (You bought it in a shop on level 4 of the Dungeon)
  5465 | D:4      | Bought a masterwork cloak for 275 gold pieces
  5465 | D:4      | Identified the +0 cloak of the Echidna {Harm rElec Str-3
                  | SInv} (You bought it in a shop on level 4 of the Dungeon)
  5919 | D:5      | Entered Level 5 of the Dungeon
  6103 | D:5      | Found a staircase to the Ecumenical Temple.
  6108 | Temple   | Entered the Ecumenical Temple
  6122 | Temple   | Became a worshipper of Warmaster Okawaru
  6630 | D:5      | Noticed Pikel
  6664 | D:4      | Killed Pikel
  6664 | D:4      | Reached * piety under Okawaru
  6665 | D:4      | Reached skill level 1 in Invocations
  6665 | D:4      | Reached XP level 8. HP: 37/51 MP: 7/9
  6866 | D:5      | Reached ** piety under Okawaru
  6999 | D:5      | Reached skill level 6 in Fighting
  7161 | D:5      | Acquired the ring "Ahasayrgh" {Slay+4 SInv}
  7673 | D:6      | Reached XP level 9. HP: 50/55 MP: 9/11
  8876 | D:7      | Identified the +3 war axe of Lergheme {vorpal, rF+ rC+
                  | Int+4}
  8917 | D:7      | Reached *** piety under Okawaru
 10276 | D:8      | Reached skill level 7 in Fighting
 10366 | D:8      | Acquired a scarf of repulsion
 10419 | D:8      | Received a gift from Okawaru
 10754 | D:9      | Identified the +7 flail "Peucweth" {antimagic, *Noise rC+
                  | Int+8}
 10768 | D:8      | Reached XP level 10. HP: 63/63 MP: 13/13
 10805 | D:8      | Reached skill level 5 in Invocations
 10948 | D:9      | Reached **** piety under Okawaru
 11391 | D:9      | Found Nimo's CLEARANCE SALE! EVERYTHING MUST GO!.
 11397 | D:9      | Bought a scroll of acquirement for 156 gold pieces
 11397 | D:9      | Acquired 748 gold pieces
 11402 | D:9      | Found a staircase to the Orcish Mines.
 11439 | D:9      | Reached skill level 8 in Fighting
 11467 | D:9      | Reached skill level 10 in Maces & Flails
 11467 | D:9      | Reached XP level 11. HP: 37/68 MP: 15/15
 11637 | D:9      | Reached ***** piety under Okawaru
 12018 | D:9      | Received a gift from Okawaru
 12401 | D:9      | Noticed Psyche
 12419 | D:9      | Paralysed by Psyche for 6 turns
 12421 | D:9      | Killed Psyche
 12495 | D:9      | Found a staircase to the Lair.
 12594 | D:10     | Entered Level 10 of the Dungeon
 12594 | D:10     | Found Eshrot's Book Boutique.
 12597 | D:10     | Noticed Sonja
 12741 | D:9      | Identified the +4 pair of boots of a sewer {Dex+2} (Okawaru
                  | gifted it to you on level 9 of the Dungeon)
 12741 | D:9      | Received a gift from Okawaru
 12883 | D:10     | Killed Sonja
 12884 | D:10     | Reached skill level 1 in Dodging
 12993 | D:10     | Found Niudd's Book Shop.
 12995 | D:10     | Noticed a two-headed ogre
 12997 | D:10     | Noticed a two-headed ogre
 13000 | D:10     | Killed a two-headed ogre
 13001 | D:10     | Reached skill level 9 in Fighting
 13005 | D:10     | Killed a two-headed ogre
 13051 | D:10     | Found Hoanyh's Magic Scroll Boutique.
 13056 | D:10     | Bought a scroll of teleportation for 30 gold pieces
 13056 | D:10     | Bought a scroll of teleportation for 30 gold pieces
 13056 | D:10     | Bought a scroll of teleportation for 30 gold pieces
 13056 | D:10     | Bought a scroll of fog for 20 gold pieces
 13149 | D:10     | Found Coicargh's Antique Weapon Emporium.
 13446 | Lair:1   | Entered Level 1 of the Lair of Beasts
 13914 | Lair:1   | Reached XP level 12. HP: 77/77 MP: 18/18
 14039 | Lair:1   | Reached skill level 10 in Fighting
 14946 | Lair:2   | You fall into a shaft and drop 1 floor!
 14998 | Lair:3   | Noticed a death yak
 14998 | Lair:3   | Noticed a death yak
 14998 | Lair:3   | Noticed a death yak
 14998 | Lair:3   | Noticed a death yak
 14998 | Lair:3   | Noticed a death yak
 15063 | Lair:3   | Received a gift from Okawaru
 15257 | Lair:2   | Identified the +8 whip of the Magi {vorpal, rC+ Stlth+}
 15480 | Lair:2   | Noticed a six-headed hydra
 15489 | Lair:2   | Killed a six-headed hydra
 15498 | Lair:2   | Reached skill level 5 in Dodging
 15552 | Lair:2   | Reached skill level 11 in Fighting
 15639 | Lair:2   | Reached skill level 10 in Invocations
 15647 | Lair:2   | Found a staircase to the Shoals.
 15999 | Lair:3   | Killed a death yak
 16011 | Lair:3   | Killed a death yak
 16020 | Lair:3   | Killed a death yak
 16021 | Lair:3   | Reached XP level 13. HP: 76/85 MP: 20/20
 16044 | Lair:3   | Reached skill level 12 in Fighting
 16350 | Lair:3   | Got the Incunabulum of the Unstable Voyage
 16722 | Lair:3   | Reached ****** piety under Okawaru
 17244 | Lair:4   | Received a gift from Okawaru
 17490 | Lair:4   | Reached skill level 13 in Fighting
 17682 | Lair:4   | Noticed Snorg
 17718 | Lair:4   | Killed Snorg
 18059 | Lair:4   | Found a hole to the Spider Nest.
 18067 | Lair:4   | Received a gift from Okawaru
 18146 | Lair:4   | You fall into a shaft and drop 2 floors!
 18146 | Lair:6   | Entered Level 6 of the Lair of Beasts
 19298 | Lair:5   | Found a staircase to the Slime Pits.
 19298 | Lair:5   | Found a viscous altar of Jiyva.
 19303 | Lair:5   | Gained mutation: Your large and strong wings let you fly.
                  | [Gargoyle growth]
 19303 | Lair:5   | Reached XP level 14. HP: 81/95 MP: 23/23
 19321 | Lair:5   | Reached skill level 14 in Fighting
 21050 | Lair:6   | Identified the +9 flail of the Curious Blessings {flame,
                  | rElec Int+3} (Okawaru gifted it to you on level 6 of the
                  | Lair of Beasts)
 21050 | Lair:6   | Received a gift from Okawaru
 21294 | Lair:6   | Found a large runed translucent door.
 21295 | Lair:6   | Found a large runed translucent door.
 22090 | Lair:6   | Reached skill level 15 in Fighting
 23626 | D:11     | Identified the +1 robe of Mezcal {rN+ Will- rCorr Str+2}
 23668 | D:11     | Received a gift from Okawaru
 23724 | D:11     | Identified the +7 mace of Kaeskak {vorpal, Int+2}
 23821 | D:11     | Noticed a frost giant
 23834 | D:11     | Killed a frost giant
 24403 | D:11     | Reached skill level 15 in Invocations
 24692 | D:11     | Reached XP level 15. HP: 69/104 MP: 26/26
 25315 | D:11     | Found the +4 Cigotuvi's embrace {rMiasma Drain rN+}
 26017 | D:12     | Reached skill level 16 in Fighting
 26273 | D:12     | Found a shimmering altar of Xom.
 27282 | D:13     | Noticed Maurice
 27293 | D:13     | Killed Maurice
 27794 | D:13     | Received a gift from Okawaru
 28122 | D:13     | Found a gate to the Vaults.
 28370 | D:14     | Found a white marble altar of Elyvilon.
 28386 | D:14     | Noticed Louise
 28680 | Orc:1    | Entered Level 1 of the Orcish Mines
 28681 | Orc:1    | Noticed an orc warlord
 28894 | D:9      | Killed an orc warlord
 29248 | Orc:1    | Found Hurie's Antique Armour Boutique.
 29256 | Orc:1    | Bought a scorched scale mail for 243 gold pieces
 29256 | Orc:1    | Identified the +1 scale mail of Zaorirr {rN+ Dex+4} (You
                  | bought it in a shop on level 1 of the Orcish Mines)
 29421 | Orc:2    | Entered Level 2 of the Orcish Mines
 29422 | Orc:2    | Found Kesajekh's Antique Armour Emporium.
 29422 | Orc:2    | Found a large runed translucent door.
 29422 | Orc:2    | Found a large runed translucent door.
 29439 | Orc:2    | Bought a crude scale mail for 243 gold pieces
 29439 | Orc:2    | Identified the +5 scale mail of Vuela {rC+} (You bought it
                  | in a shop on level 2 of the Orcish Mines)
 29567 | Orc:2    | Noticed Jaiteiro's ghost (journeyman MiFi)
 29576 | Orc:2    | Found a staircase to the Elven Halls.
 29990 | Orc:2    | Noticed Rupert
 30008 | Orc:2    | Killed Rupert
 30487 | Orc:2    | Reached skill level 10 in Armour
 30496 | Orc:2    | Reached skill level 10 in Shields
 32364 | Orc:2    | Found Hafipt's Antique Weapon Emporium.
 32364 | Orc:2    | Found Hiegub's Magic Scroll Boutique.
 32366 | Orc:2    | Found Faugy's Magic Scroll Emporium.
 32366 | Orc:2    | Found Soded's Weapon Boutique.
 32374 | Orc:2    | Bought a scroll of fear for 42 gold pieces
 32377 | Orc:2    | Bought a scroll of teleportation for 42 gold pieces
 32612 | Spider:1 | Entered Level 1 of the Spider Nest
 32631 | Lair:4   | Reached XP level 16. HP: 96/111 MP: 27/27
 33274 | Spider:1 | Reached skill level 17 in Fighting
 33509 | Spider:1 | Noticed Donald
 33536 | Spider:1 | Killed Donald
 33536 | Spider:1 | Received a gift from Okawaru
 33584 | Spider:1 | Acquired 567 gold pieces
 33628 | Spider:1 | Noticed Aizul
 33659 | Spider:1 | Killed Aizul
 33803 | Spider:1 | Noticed Asterion
 33820 | Spider:1 | Killed Asterion
 33956 | Spider:1 | Found a runed translucent door.
 34529 | Spider:2 | Reached skill level 18 in Fighting
 34543 | Spider:2 | Received a gift from Okawaru
 35038 | Spider:2 | You are sucked into a shaft and drop 1 floor!
 35256 | Spider:3 | Noticed Azrael
 35268 | Spider:3 | Killed Azrael
 35340 | Spider:3 | Reached skill level 19 in Fighting
 35808 | Spider:3 | Identified the +7 hand crossbow of Massacring {flame, rN+
                  | MP+9}
 35841 | Spider:3 | Noticed Arachne
 35866 | Spider:3 | Killed Arachne
 35867 | Spider:3 | Reached XP level 17. HP: 87/122 MP: 22/28
 36967 | Spider:3 | Reached skill level 20 in Fighting
 37098 | Spider:4 | Entered Level 4 of the Spider Nest
 37426 | Spider:4 | Identified the ring "Zawus" {rPois Will+ Str+3 Dex+3}
 37538 | Spider:4 | Received a gift from Okawaru
 38241 | Spider:4 | Reached skill level 21 in Fighting
 39456 | Spider:4 | Got a gossamer rune of Zot
 40057 | D:14     | Killed Louise
 40216 | D:15     | Entered Level 15 of the Dungeon
 40900 | D:14     | Found Migh's Antique Armour Shoppe.
 40903 | D:14     | Noticed Kirke
 40912 | D:14     | Received a gift from Okawaru
 40913 | D:14     | Killed Kirke
 40914 | D:14     | Reached skill level 22 in Fighting
 41092 | D:15     | Reached XP level 18. HP: 120/134 MP: 26/29
 41322 | D:15     | Found a runed translucent gate.
 41322 | D:15     | Found a runed translucent gate.
 41322 | D:15     | Found a runed translucent gate.
 41458 | D:15     | Noticed MadAsgardian's ghost (journeyman TrMo)
 41800 | D:15     | Found a staircase to the Depths.
 41917 | D:15     | Found an ornate altar of the Wu Jian Council.
 42074 | Vaults:1 | Entered Level 1 of the Vaults
 42561 | Vaults:1 | Reached skill level 1 in Axes
 44270 | Vaults:1 | Annihilated by a titan simulacrum

Illustrated notes

Levels and vault maps discovered:
D:1:      ncdulo_lavacross, layout_rooms, chequers_ecumenical_altar_simple_redux
D:2:      layout_rooms, amcnicky_mini_rare_corridor_liquid, grunt_ministairs_10,
          uniq_jessica
D:3:      layout_loops_ring, serial_shops, nicolae_shop_trees,
          hangedman_decor_points, kennysheep_cluttered_room, uniq_terence
D:4:      layout_loops_cross, nicolae_uskayaw_murder_on_the_dancefloor,
          serial_shops, shop, grunt_ministairs_3, minmay_quantized
D:5:      layout_gridville, minmay_temple_entry_nine_rooms, uniq_pikel
D:6:      layout_cave_pools
D:7:      cheibrodos_steamvent, layout_loops_ring, supply_closet_lemuel,
          minivault_5
D:8:      layout_loops_corners, minivault_4
D:9:      layout_basic, erik_lair_dragon, minmay_orc_entry_guard_dogs,
          serial_glass, glass_columns_b, glass_columns_c,
          nicolae_shop_clearance, uniq_psyche
D:10:     layout_cross, serial_shops, kennysheep_little_box, shop, shop,
          nicolae_shop_crystal, hangedman_decor_push, uniq_sonja
D:11:     minmay_the_grid_plus_closed [minmay_the_grid_stretched_grid,
          minmay_the_grid_eight, minmay_the_grid_fan,
          minmay_the_grid_minigrid_medium, minmay_the_grid_prize_four_corners],
          layout_basic, hellmonk_guarded_unrand_cigotuvi
D:12:     layout_stronghold, xom_teletrap_fun
D:13:     layout_roguey, skrybe_vaults_entry_preservation, uniq_maurice
D:14:     layout_cave_pools, elyvilon_altar_5, serial_shops, shop, uniq_kirke,
          uniq_louise
D:15:     hangedman_depths_entry_try_elsewhere_first, layout_rooms,
          nzn_wu_jian_council_hall, maelrawn_ghost_gauntlet_escape
Temple:   nicolae_temple_the_god_donut
Lair:1:   layout_roguey, serial_bayou_pond_e, beast_lair_carwin_3
Lair:2:   layout_misc_corridors, minmay_shoals_entry_centaurs,
          grunt_forest_large_clearing_hut, lemuel_fruit_fields
Lair:3:   layout_roguey, special_room [special_room_bee]
Lair:4:   layout_cave_shapes, spider_nest_entry_a, st_stairs_13,
          gammafunk_lair_bear_cave, uniq_snorg
Lair:5:   layout_gridlike, slime_altar_1, portal_ice_cave_entry_pillars_2,
          beast_lair_carwin_9, grunt_megastairs_3
Lair:6:   cheibrodos_lair_end_hotspot, layout_loops_ring, st_stairs_3,
          grunt_forest_small_clearing_treed
Spider:1: cheibrodos_spider_deadly_dance, uniq_aizul, uniq_donald, uniq_asterion
Spider:2: layout_spider_delve
Spider:3: spiders_nest_scorpion_pit, guppyfry_hornet_nest, uniq_arachne,
          uniq_azrael
Spider:4: grunt_spider_rune_circles
Orc:1:    layout_caves, serial_shops, nicolae_shop_trees,
          statue_in_the_mist_lemuel
Orc:2:    grunt_orc_tribal_feast, layout_caves, serial_shops,
          nicolae_square_shop, ebering_ghost_disaster_area,
          hangedman_feature_mirror, uniq_rupert
Vaults:1: vaults_dpeg_encased_lava, v_rooms_4, nicolae_vaults_network_star,
          nicolae_vaults_gold_heap, nicolae_vaults_windows_and_doors_thing,
          nicolae_vaults_border_crossing, layout_vaults_omnigrid

Skill      XL: |  1  2  3  4  5  6  7  8  9 10 11 12 13 14 15 16 17 18 |
---------------+-------------------------------------------------------+-----
Maces & Flails | 3 4 6 7 8 10 11 | 11.4
Fighting       | 4 5 6 7 8 9 11 13 15 16 19 22 | 22.6
Armour         | 4 5 6 7 8 9 10 | 10.7
Shields        | 4 5 6 7 8 9 10 | 10.8
Invocations    | 1 2 4 6 8 10 13 15 | 15.8
Dodging        | 2 5 6 |  6.9
Axes           | 4 |  4.3

Action                   |  1- 3 |  4- 6 |  7- 9 | 10-12 | 13-15 | 16-18 || total
-------------------------+-------+-------+-------+-------+-------+-------++-------
Melee: Flail             |   153 |   179 |   231 |    19 |       |       ||   582
       Morningstar       |       |       |   140 |   469 |  1360 |   182 ||  2151
       War axe           |       |       |       |       |    96 |    18 ||   114
       Broad axe         |       |       |       |       |       |   941 ||   941
 Fire: Hunting sling     |       |    13 |    30 |     5 |       |       ||    48
Invok: Heroism           |       |       |     2 |    15 |    28 |    28 ||    73
       Finesse           |       |       |       |     2 |     8 |     5 ||    15
Evoke: Wand              |       |       |       |     7 |     3 |     1 ||    11
  Use: Potion            |     1 |     2 |     1 |       |     1 |     3 ||     8
       Scroll            |       |     6 |     6 |     8 |    12 |     5 ||    37
 Stab: Distracted        |     1 |       |       |       |     1 |     1 ||     3
       Sleeping          |       |       |       |     1 |       |       ||     1
Armor: Scale mail        |   114 |    94 |   157 |   185 |   792 |   838 ||  2180
       Ring mail         |       |       |       |       |       |   240 ||   240
Dodge: Dodged            |    69 |    45 |   114 |   135 |   550 |   912 ||  1825
       Repelled          |       |       |       |     3 |     6 |     8 ||    17
Block: Kite shield       |   140 |    85 |   197 |   209 |       |  1077 ||  1708
       Tower shield      |       |       |       |    97 |  1596 |   163 ||  1856
       Reflection        |       |       |       |       |       |    48 ||    48
